 Dungeon Crawl Stone Soup version 0.31-a0-75-g6fe912e8c5 (webtiles) character file.

Game seed: 1552490260327976942

17985 lunkers the Nimble (level 13, 0/122 HPs)
             Began as a Meteoran Fighter on May 23, 2023.
             Was a High Priest of Okawaru.
             Slain by a salamander
             ... wielding a +0 trident
              (3 damage)
             ... in a volcano.
             The game lasted 00:21:53 (5628 turns).

lunkers the Nimble (Meteoran Fighter)               Turns: 5628, Time: 00:21:53

Health: 0/122      AC: 15    Str: 23    XL:     13   Next: 19%
Magic:  18/18      EV: 24    Int:  9    God:    Okawaru [*****.]
Gold:   648        SH: 11    Dex: 15    Spells: 12/12 levels left

rFire   + + .        b - +2 short sword (elec)
rCold   + . .        c - +0 buckler
rNeg    . . .        s - +1 scale mail
rPois   .            K - +2 hat
rElec   .            h - scarf {rC+ rF+}
rCorr   +            v - +0 pair of gloves
SInv    .            j - +0 pair of boots
Will    +....        l - amulet of reflection
Stlth   +            I - +5 ring of evasion
HPRegen 0.40/turn    a - ring of Spontaneous Combustion {Wiz rF+ rCorr Slay+3}
MPRegen 0.16/turn

%: reflection, wizardry (x1)
@: mighty, heroic, glowing
A: sense surroundings 2, otherworldly, glowing, explore regen
a: Renounce Religion, Heroism, Finesse, Duel


You were in a volcano.
You worshipped Okawaru.
Okawaru was extremely pleased with you.
You visited 3 branches of the dungeon, and saw 12 of its levels.
You also visited: Bailey, Gauntlet and Volcano.

You collected 648 gold pieces.

Inventory:

Hand Weapons
 b - a +2 short sword of electrocution (weapon)
 u - a +0 demon trident
 A - a +3 long sword
 C - a +1 morningstar of freezing
 D - a +5 long sword
Armour
 c - a +0 buckler (worn)
 h - a scarf of resistance (worn)
 j - a +0 pair of boots (worn)
 s - a +1 scale mail (worn)
 v - a +0 pair of gloves (worn)
 K - a +2 hat (worn)
 P - a +0 cloak of stealth
Jewellery
 a - the ring of Spontaneous Combustion (right hand) {Wiz rF+ rCorr Slay+3}
   (You found it in a Gauntlet)

   [ring of wizardry]

   It improves your spell success rate.
   Slay:      It affects your accuracy & damage with ranged weapons and melee
   (+3).
   rF:        It protects you from fire.
   rCorr:     It protects you from acid and corrosion.
 g - a ring of fire
 i - a ring of ice
 l - an amulet of reflection (around neck)
 r - a ring of resist corrosion
 x - a +6 ring of dexterity
 y - an amulet of magic regeneration
 H - a ring of magical power
 I - a +5 ring of evasion (left hand)
 O - a ring of wizardry
 Q - an amulet of faith
Wands
 J - a wand of paralysis (4)
 M - a wand of iceblast (4)
Scrolls
 f - 2 scrolls of amnesia
 m - 3 scrolls of fog
 o - a scroll of vulnerability
 p - a scroll of teleportation
 q - 4 scrolls of magic mapping
 E - 2 scrolls of blinking
 F - 2 scrolls of enchant armour
 R - a scroll of identify
Potions
 d - a potion of might
 n - 3 potions of magic
 t - 2 potions of curing
 w - a potion of enlightenment
 z - 3 potions of mutation {unknown}
 B - 2 potions of haste
 G - a potion of invisibility {unknown}
 N - a potion of brilliance {unknown}
Miscellaneous
 L - a phial of floods


   Skills:
 + Level 13.2(18.2) Fighting
 * Level 10.7(15.7) Short Blades
 - Level 4.3(9.3) Maces & Flails
 + Level 7.2(12.2) Armour
 + Level 13.8(18.8) Dodging
 - Level 3.6(8.6) Shields
 - Level 6.6 Invocations


You had 12 spell levels left.
You didn't know any spells.
Your spell library contained the following spells:

 Spells                   Type           Power      Damage    Failure   Level
 Blink                    Tloc           0%         N/A       47%         2
 Lesser Beckoning         Tloc           0%         N/A       47%         2
 Momentum Strike          Conj/Tloc      0%         3d8       47%         2
 Poisonous Vapours        Pois/Air       0%         N/A       47%         2
 Dazzling Flash           Conj/Hex       0%         N/A       71%         3
 Inner Flame              Hex/Fire       0%         N/A       71%         3
 Mephitic Cloud           Conj/Pois/Air  0%         N/A       71%         3
 Volatile Blastmotes      Fire/Tloc      0%         2d10      71%         3
 Iskenderun's Mystic Bla  Conj/Tloc      0%         2d3       97%         4
 Manifold Assault         Tloc           0%         N/A       97%         4
 Agony                    Necr           0%         N/A       100%        5
 Freezing Cloud           Conj/Ice/Air   0%         6-21      100%        5
 Silence                  Hex/Air        0%         N/A       100%        5
 Yara's Violent Unravell  Hex/Tmut       0%         3d3       100%        5
 Dispersal                Tloc           0%         N/A       100%        6
 Starburst                Conj/Fire      0%         6d3       100%        6
 Enfeeble                 Hex            0%         N/A       100%        7
 Disjunction              Tloc           0%         N/A       100%        8


Dungeon Overview and Level Annotations

Branches:
Dungeon (8/15) Zot: 1027   Temple (1/1) D:4 Zot: 466    Lair (3/5) D:8 Zot: 1131
 Bailey (visited)         Volcano (1/1) Zot: 486    Gauntlet (visited)
  Swamp: Lair:2-3    Shoals: Lair:2-3     Snake: Lair:2-3    Spider: Lair:2-3

Altars:
Cheibriados
Elyvilon
Fedhas
Gozag
Hepliaklqana
Kikubaaqudgha
Okawaru
Qazlal
Ru
Trog
Uskayaw
Vehumet
Wu Jian
Yredelemnul
Zin

Shops:
D:4 !


Innate Abilities, Weirdness & Mutations

You passively map the area around you.
You are easily found by Zot.
You glow in the dark.
You regain HP and MP as you explore.


Message History

You are engulfed in flames.
You resist.
* * * LOW HITPOINT WARNING * * *
Things that are here:
a +0 halberd; a salamander corpse You impale the red draconian!!
The red draconian is lightly wounded.
The red draconian completely misses you.
The salamander hits you but does no damage. x2
Unknown command.
You puncture the red draconian!
Lightning courses through the red draconian!
The red draconian is heavily wounded.
Unknown command.
You puncture the red draconian!
The red draconian is heavily wounded.
The red draconian hits you with a +0 halberd of flaming.
* * * LOW HITPOINT WARNING * * *
The salamander closely misses you. x2
You hit the red draconian but do no damage.
Lightning courses through the red draconian!
The red draconian is severely wounded.
You block the red draconian's attack.
Unknown command.
You hit the red draconian.
The red draconian is severely wounded.
The salamander completely misses you.
The salamander hits you from afar with a +0 trident.
* * * LOW HITPOINT WARNING * * *
You are engulfed in flames.
You resist.
* * * LOW HITPOINT WARNING * * *
You feel much better.
The red draconian hits you with a +0 halberd of flaming!!
* * * LOW HITPOINT WARNING * * *
The red draconian burns you.
* * * LOW HITPOINT WARNING * * *
The salamander barely misses you.
The salamander hits you from afar with a +0 trident!
* * * LOW HITPOINT WARNING * * *
You are engulfed in flames.
You resist.
You die...

*** ** ,
,#....., ∩*
* ,
#....#### *
#.......#* *
+......_. ,
, , #......
, ,#N...####
,#dN.....∩
** *#@#* * *
#'# * #.# .#
*##.##
,...##8.8# ,
§§.#....# *
~≈≈≈......##
§§≈≈.§§§..#
≈≈≈≈≈§....##


You could see a red draconian and 2 salamanders.

Vanquished Creatures
  An orc warlord (Bailey)
  A minotaur (Gauntlet)
  A hydra (Lair:3)
  A death scarab (Gauntlet)
  5 death yaks (Lair:1)
  A spectral death yak (Gauntlet)
  Pikel (D:5)
  A salamander (Volcano)
  A black mamba (Lair:2)
  A torpor snail (Bailey)
  A cane toad (Lair:1)
  4 rime drakes
  4 blink frogs
  8 yaks
  5 fire bats (Volcano)
  A basilisk (Lair:3)
  A steam dragon (D:7)
  A water moccasin (D:7)
  3 orc warriors (Bailey)
  A sky beast (D:7)
  3 ice beasts
  A phantom (D:4)
  A lemure (D:5)
  3 scorpions
  2 bullfrogs
  7 wights
  A howler monkey (D:7)
  6 lava snakes (Volcano)
  A gnoll bouda (D:7)
  4 orc priests
  2 jellies
  An iguana (D:4)
  3 orc wizards
  11 hell rats (Lair:3)
  10 gnolls
  3 adders
  2 shadow imps
  4 white imps
  4 worms
  5 dart slugs
  23 orcs
  2 bats (D:1)
  7 endoplasms
  11 goblins
  11 hobgoblins
  17 kobolds
  3 quokkas
  6 ball pythons
  3 frilled lizards
  4 rats
204 creatures vanquished.

Notes
Turn   | Place    | Note
-------+----------+-------------------------------------------
     0 | D:1      | lunkers the Meteoran Fighter began the quest for the Orb.
     0 | D:1      | Reached XP level 1. HP: 19/19 MP: 2/2
    68 | D:1      | Reached XP level 2. HP: 26/26 MP: 3/3
   279 | D:1      | Reached XP level 3. HP: 31/31 MP: 4/4
   393 | D:2      | Reached skill level 1 in Short Blades
   416 | D:2      | Reached XP level 4. HP: 27/38 MP: 5/5
   529 | D:2      | Reached XP level 5. HP: 36/45 MP: 6/6
   915 | D:3      | Reached XP level 6. HP: 36/51 MP: 7/7
  1048 | D:3      | Reached skill level 5 in Short Blades
  1381 | D:4      | Reached XP level 7. HP: 47/57 MP: 8/8
  1467 | D:4      | Found a staircase to the Ecumenical Temple.
  1476 | Temple   | Entered the Ecumenical Temple
  1601 | Temple   | Became a worshipper of Warmaster Okawaru
  1786 | D:4      | Found Usuawuf's Distillery.
  2182 | D:5      | Entered Level 5 of the Dungeon
  2375 | D:5      | Noticed Pikel
  2426 | D:5      | Killed Pikel
  2426 | D:5      | Reached * piety under Okawaru
  2427 | D:5      | Reached XP level 8. HP: 41/67 MP: 8/11
  2445 | D:5      | Reached ** piety under Okawaru
  2719 | D:6      | Reached skill level 5 in Fighting
  2719 | D:6      | Gained mutation: You passively map the area around you.
                  | [Meteoran growth]
  2719 | D:6      | Reached XP level 9. HP: 58/74 MP: 12/12
  2799 | D:6      | Found a sacrificial altar of Ru.
  2988 | D:7      | Found a bloodstained altar of Trog.
  3054 | D:7      | Reached skill level 5 in Dodging
  3170 | D:7      | Found a hide-covered altar of Uskayaw.
  3326 | D:7      | Found an opulent altar of Gozag.
  3394 | D:7      | Found a blossoming altar of Fedhas.
  3577 | D:8      | Found a stormy altar of Qazlal.
  3697 | D:8      | Reached *** piety under Okawaru
  3737 | D:8      | Found a white marble altar of Elyvilon.
  3737 | D:8      | Found an ornate altar of the Wu Jian Council.
  3764 | D:8      | Reached XP level 10. HP: 82/88 MP: 13/13
  3814 | D:8      | Found a flagged portal.
  3838 | Bailey   | Entered a bailey
  3843 | Bailey   | Noticed an orc warlord
  3925 | Bailey   | Found a runed translucent gate.
  3927 | Bailey   | Found a runed translucent gate.
  3929 | Bailey   | Found a runed translucent gate.
  3930 | Bailey   | Noticed an orc knight
  3934 | Bailey   | an orc knight changed into a torpor snail
  3934 | Bailey   | Noticed a torpor snail
  3946 | Bailey   | Killed a torpor snail
  4074 | Bailey   | Killed an orc warlord
  4074 | Bailey   | Reached **** piety under Okawaru
  4091 | Bailey   | Identified the staff of air "Wakkemogeu" {rElec rPois}
  4101 | Bailey   | Reached skill level 10 in Fighting
  4101 | Bailey   | Reached skill level 10 in Short Blades
  4101 | Bailey   | Reached skill level 10 in Dodging
  4101 | Bailey   | Reached XP level 11. HP: 55/101 MP: 13/16
  4209 | D:8      | Found a staircase to the Lair.
  4281 | D:8      | Found a glowing silver altar of Zin.
  4359 | Lair:1   | Entered Level 1 of the Lair of Beasts
  4397 | D:8      | Reached ***** piety under Okawaru
  4501 | Lair:1   | Found a gate leading to a gauntlet.
  4501 | Lair:1   | Noticed a death yak
  4501 | Lair:1   | Noticed a death yak
  4501 | Lair:1   | Noticed a death yak
  4503 | Lair:1   | Noticed a death yak
  4503 | Lair:1   | Noticed a death yak
  4520 | Lair:1   | Killed a death yak
  4521 | Lair:1   | Reached XP level 12. HP: 85/110 MP: 17/17
  4551 | Lair:1   | Killed a death yak
  4560 | Lair:1   | Killed a death yak
  4560 | Lair:1   | Received a gift from Okawaru
  4571 | Lair:1   | Killed a death yak
  4581 | Lair:1   | Killed a death yak
  4610 | Gauntlet | Entered a Gauntlet
  4610 | Gauntlet | Found a transporter.
  4610 | Gauntlet | Found a transporter.
  4610 | Gauntlet | Found a runed translucent door.
  4610 | Gauntlet | Found a runed translucent door.
  4612 | Gauntlet | Found a transporter.
  4612 | Gauntlet | Found a transporter.
  4615 | Gauntlet | Found a transporter.
  4646 | Gauntlet | Found a transporter.
  4658 | Gauntlet | Found a transporter.
  4672 | Gauntlet | Noticed a death scarab
  4678 | Gauntlet | Found a transporter.
  4678 | Gauntlet | Found a transporter.
  4680 | Gauntlet | Found a transporter.
  4782 | Gauntlet | Killed a death scarab
  4802 | Gauntlet | Found a transporter.
  4803 | Gauntlet | Noticed a green death
  4808 | Gauntlet | Noticed a dire elephant
  4816 | Gauntlet | Found a runed translucent gate.
  4817 | Gauntlet | Found a runed translucent gate.
  4818 | Gauntlet | Found a runed translucent gate.
  4846 | Gauntlet | Found a transporter.
  4847 | Gauntlet | Identified the ring of Spontaneous Combustion {Wiz rF+
                  | rCorr Slay+3}
  4849 | Gauntlet | Identified the staff of cold "Ochona Qiamp" {rF- rC+ Str+8
                  | Stlth-}
  4851 | Gauntlet | Found a transporter.
  4855 | Gauntlet | Noticed a minotaur
  4878 | Gauntlet | Killed a minotaur
  4910 | Gauntlet | Identified the +0 leather armour "Iguefon" {rC+}
  5016 | Lair:1   | Received a gift from Okawaru
  5314 | Lair:3   | Found a dark tunnel.
  5360 | Lair:3   | Noticed a six-headed hydra
  5362 | Lair:3   | Noticed a six-headed hydra
  5425 | Lair:3   | Reached XP level 13. HP: 110/111 MP: 18/18
  5459 | Lair:3   | Killed a six-headed hydra
  5478 | Volcano  | Entered a volcano
  5600 | Volcano  | Noticed a red draconian
  5601 | Volcano  | Found a bloodstained altar of Trog.
  5628 | Volcano  | HP: 3/122 [salamander/+0 trident (7)]
  5628 | Volcano  | Slain by a salamander

Illustrated notes

Levels and vault maps discovered:
D:1:      dpeg_arrival_orchard, layout_rooms
D:2:      layout_basic, serial_park_tiny_1, uniq_sigmund
D:3:      layout_basic, hellmonk_ecumenical_altar_inner_sanctum
D:4:      layout_loops_ring, minmay_temple_entry_antechambers, serial_shops,
          nicolae_shop_rolling_square, serial_forest, infiniplex_forest_lined_3,
          infiniplex_forest_lined_room_2, infiniplex_forest_straight_4,
          infiniplex_forest_clump_small, infiniplex_forest_end_2,
          infiniplex_forest_clump_small, infiniplex_forest_join
D:5:      layout_cave_pools, kennysheep_generic_room_8, uniq_duvessa, uniq_pikel
D:6:      layout_loops_ring, nicolae_ru_awakened_eye, kennysheep_pointless_box
D:7:      layout_loops_ring, grunt_gozag_breadcrumbs,
          mainiacjoe_overflow_24_doors, mainiacjoe_overflow_alcove_1,
          old_standard_altar
D:8:      layout_cave_pools, mainiacjoe_overflow_small_starburst,
          nicolae_qazlal_eye_of_the_storm, gammafunk_temple_overflow_elements,
          lair_entry_dummy, enter_bailey_3, nrook_campfire
Temple:   nicolae_temple_two_arcs
Lair:1:   layout_hall_layers, gauntlet_entry_generic
Lair:2:   layout_big_grid, nicolae_swamp_entry_splash_gauntlet,
          guppyfry_snake_entry_garden, nicolae_lair_lakeside_cave
Lair:3:   layout_cave_pods, nicolae_volcano_entry_two_sided
Volcano:  volcano_grotto [vgs_statue_spotlight]

Skill      XL: |  1  2  3  4  5  6  7  8  9 10 11 12 13 |
---------------+----------------------------------------+-----
Maces & Flails | 3 4 |  4.3
Short Blades   | 2 3 4 6 8 10 | 10.7
Invocations    | 3 6 |  6.6
Fighting       | 4 5 7 10 11 13 | 13.2
Dodging        | 2 4 7 10 11 13 | 13.8
Armour         | 6 7 |  7.2
Shields        | |  3.6

Action                     |  1- 3 |  4- 6 |  7- 9 | 10-12 | 13-15 || total
---------------------------+-------+-------+-------+-------+-------++-------
  Melee: Flail             |    34 |       |       |       |       ||    34
         Dagger            |    19 |   133 |       |       |       ||   152
         Short sword       |       |    19 |   353 |   420 |   100 ||   892
 Invoke: Heroism           |       |       |     1 |     9 |     1 ||    11
  Evoke: Wand              |       |       |       |     6 |       ||     6
    Use: Scroll            |     4 |       |    11 |     3 |       ||    18
         Potion            |       |       |       |     4 |     2 ||     6
 Armour: Scale mail        |    25 |    43 |    58 |    42 |    27 ||   195
  Dodge: Dodged            |    23 |    28 |    52 |   173 |    48 ||   324
  Block: Buckler           |    12 |    61 |   116 |   172 |    38 ||   399
         Reflection        |       |     2 |     2 |     7 |     3 ||    14

Table legend: (Time is in decaauts)
 A = Elapsed time spent in this place.
 B = Non-inter-level travel time spent in this place.
 C = Inter-level travel time spent in this place.
 D = Time resting spent in this place.
 E = Time spent auto-exploring this place.
 F = Levels seen in this place.
 G = Mean time per level.
                   A        B        C        D        E       F      G
               +--------+--------+--------+--------+--------+-----+--------+
         Total |   5252 |   5090 |    162 |      0 |   2932 |  15 |  350.1 |
       Dungeon |   3772 |   3631 |    141 |      0 |   2525 |   8 |  471.5 |
        Temple |    133 |    112 |     21 |      0 |    107 |   1 |  133.0 |
          Lair |    668 |    668 |      0 |      0 |    261 |   3 |  222.7 |
        Bailey |    294 |    294 |      0 |      0 |      8 |   1 |  294.0 |
       Volcano |    112 |    112 |      0 |      0 |     31 |   1 |  112.0 |
      Gauntlet |    270 |    270 |      0 |      0 |      0 |   1 |  270.0 |
               +--------+--------+--------+--------+--------+-----+--------+

Top non-repeatable levels by time:
     D:4: 755 daAuts
     D:7: 642 daAuts
     D:3: 516 daAuts
     D:6: 431 daAuts
     D:8: 403 daAuts
     D:1: 379 daAuts
  Lair:1: 361 daAuts
     D:2: 352 daAuts
  Bailey: 294 daAuts
     D:5: 291 daAuts
Gauntlet: 270 daAuts
  Lair:3: 249 daAuts
  Temple: 133 daAuts
 Volcano: 112 daAuts
  Lair:2: 58 daAuts
